 Dungeon Crawl Stone Soup version 0.30-a0-639-g3916f1956a (webtiles) character file.

Game seed: 17136748083010805359

5576 pokeman the Thaumaturge (level 10, -25/53 HPs)
             Began as a Deep Elf Hedge Wizard on Jan 16, 2023.
             Was a Follower of Vehumet.
             Killed from afar by Erica (27 damage)
             ... with a bolt of poison
             ... on level 10 of the Dungeon.
             The game lasted 00:20:07 (9913 turns).

pokeman the Thaumaturge (Deep Elf Hedge Wizard)     Turns: 9913, Time: 00:20:07

Health: -25/53     AC: 14    Str:  7    XL:     10   Next: 44%
Magic:  18/29      EV: 18    Int: 24    God:    Vehumet [*.....]
Gold:   657        SH:  0    Dex: 14    Spells: 28/36 levels left

rFire   . . .      SeeInvis .    J - +1 halberd (venom)
rCold   . . .      Faith    .    (shield currently unavailable)
rNeg    . . .      Spirit   .    N - +0 steam dragon scales
rPois   .          Reflect  .    l - +2 hat
rElec   .          Harm     .    c - +0 cloak
rCorr   .          Rampage  .    q - +0 pair of gloves
Will    +....                    B - +0 pair of boots
Stlth   ++                       t - amulet of magic regeneration
HPRegen 0.28/turn                M - +5 ring of evasion
MPRegen 0.61/turn                E - +4 ring of protection

@: lethally poisoned (-25 -> -35), on blink cooldown
A: no striking features
a: Renounce Religion


You were on level 10 of the Dungeon.
You worshipped Vehumet.
Vehumet was aware of your devotion.
You visited 2 branches of the dungeon, and saw 11 of its levels.

You collected 657 gold pieces.

Inventory:

Hand Weapons
 J - a +1 halberd of venom (weapon)
Armour
 a - a scarf of invisibility
 b - a +2 leather armour of fire resistance
 c - a +0 cloak (worn)
 l - a +2 hat (worn)
 q - a +0 pair of gloves (worn)
 B - a +0 pair of boots (worn)
 N - +0 steam dragon scales (worn)
Magical Staves
 o - a staff of poison
Jewellery
 t - an amulet of magic regeneration (around neck)
 D - a ring of protection from fire
 E - a +4 ring of protection (right hand)
 H - an amulet of reflection
 M - a +5 ring of evasion (left hand)
Wands
 u - a wand of light (7)
 y - a wand of paralysis (11)
 F - a wand of polymorph (7)
 G - a wand of roots (20)
 Q - a wand of mindburst (6)
Scrolls
 e - 5 scrolls of immolation {unknown}
 f - 4 scrolls of enchant weapon {unknown}
 g - 8 scrolls of teleportation {unknown}
 h - 5 scrolls of enchant armour {unknown}
 r - 9 scrolls of identify {unknown}
 s - a scroll of acquirement {unknown}
 v - 3 scrolls of amnesia {unknown}
 w - 3 scrolls of blinking {unknown}
 I - 3 scrolls of vulnerability {unknown}
 L - a scroll of fog {unknown}
 O - 2 scrolls of noise {unknown}
 P - a scroll of magic mapping {unknown}
Potions
 d - 2 potions of magic
 i - 4 potions of haste {unknown}
 j - 10 potions of curing
 k - 3 potions of attraction {unknown}
 m - 2 potions of heal wounds {unknown}
 n - 2 potions of degeneration {unknown}
 p - 2 potions of resistance {unknown}
 x - a potion of mutation {unknown}
 z - 3 potions of flight {unknown}
 A - 3 potions of brilliance {unknown}
 C - 2 potions of might {unknown}
 K - 2 potions of ambrosia {unknown}


   Skills:
 - Level 2.0 Fighting
 + Level 2.7 Armour
 - Level 3.0 Dodging
 - Level 3.1 Stealth
 - Level 4.0 Shields
 * Level 13.5 Spellcasting
 + Level 7.7 Conjurations
 + Level 6.9 Summonings
 - Level 1.1 Translocations
 - Level 1.1 Air Magic
 - Level 1.2 Poison Magic
 - Level 1.2 Evocations


You had 28 spell levels left.
You knew the following spells:

 Your Spells              Type           Power      Damage    Failure   Level
a - Magic Dart            Conj           100%       1d8       1%          1
b - Mephitic Cloud        Conj/Pois/Air  32%        N/A       2%          3
c - Call Imp              Summ           49%        N/A       1%          2
d - Blink                 Tloc           42%        N/A       3%          2

Your spell library contained the following spells:

 Spells                   Type           Power      Damage    Failure   Level
 Sandblast                Erth           32%        2d9       3%          1
 Summon Small Mammal      Summ           100%       N/A       1%          1
 Momentum Strike          Conj/Tloc      74%        3d10      1%          2
 Call Canine Familiar     Summ           49%        N/A       1%          3
 Summon Guardian Golem    Hex/Summ       32%        N/A       2%          3
 Beastly Appendage        Tmut           32%        N/A       3%          1
 Slow                     Hex            64%        N/A       3%          1
 Lesser Beckoning         Tloc           42%        N/A       3%          2
 Cigotuvi's Dreadful Rot  Necr/Pois/Air  38%        N/A       4%          2
 Wereblood                Tmut           16%        N/A       5%          2
 Spider Form              Tmut/Pois      19%        N/A       9%          3
 Inner Flame              Hex/Fire       16%        N/A       11%         3
 Cause Fear               Hex            8%         N/A       36%         4
 Discord                  Hex            8%         N/A       100%        8


Dungeon Overview and Level Annotations

Branches:
Dungeon (10/15)            Temple (1/1) D:5
   Lair: D:8-11         Orc: D:9-12

Altars:
Ashenzari
Cheibriados
Dithmenos
Elyvilon
Fedhas
Gozag
Hepliaklqana
Kikubaaqudgha
Makhleb
Nemelex Xobeh
Okawaru
Qazlal
Ru
Sif Muna
Trog
Uskayaw
Vehumet
Wu Jian
Xom
Yredelemnul
Zin
The Shining One

Annotations:
D:5 1 runed translucent door, browni3141's ghost, novice KoBr
D:8 exclusion: ugly thing
D:10 Erica


Message History

Erica is severely wounded.
Erica closely misses you.
Reach: J) +1 halberd (venom)
Press: ? - help, Dir - move target, f/p - Erica
Aim: Erica, wielding a +4 scimitar of flaming and wearing a +0 robe (severely wounded, confused, about 26% to evade your +1 halberd of venom)
You hit Erica but do no damage.
Erica is poisoned.
Erica is severely wounded.
Erica seems less confused.
Erica hits you with a +4 scimitar of flaming.
* * * LOW HITPOINT WARNING * * *
Erica burns you.
* * * LOW HITPOINT WARNING * * *
The yak closely misses Erica.
Erica misses you.
A human comes into view. It is wielding a +0 mace.
Reach: J) +1 halberd (venom)
Press: ? - help, Dir - move target, f/p - Erica
Aim: Erica, wielding a +4 scimitar of flaming and wearing a +0 robe (severely wounded, very poisoned, about 53% to evade your +1 halberd of venom)
Okay, then.
Unknown command.
Erica attacks as you move away! Erica barely misses you.
The yak seems less confused.
Erica hits you with a +4 scimitar of flaming!
* * * LOW HITPOINT WARNING * * *
Erica burns you.
* * * LOW HITPOINT WARNING * * *
Casting: Mephitic Cloud (dangerous; 2% risk of failure)
Confirm with . or Enter, or press ? or * to list all spells.
You blink.
Casting: Blink (safe; 3% risk of failure)
Confirm with . or Enter, or press ? or * to list all spells.
Aiming: Mephitic Cloud (dangerous; 2% risk of failure)
Press: ? - help, Shift-Dir - straight line, f/p - Erica
Aim: Erica, wielding a +4 scimitar of flaming and wearing a +0 robe (translocational energy, almost dead, very poisoned, chance to affect: 58%)
The ball explodes into a vile cloud!
The stinking cloud engulfs Erica but does no damage.
Erica is almost dead.
Erica casts a spell at you. The bolt of poison hits you!!
You are lethally poisoned!
Ouch! That really hurt!
You die...

#..........#
#..........#
#...[......#
#..........#
#..>......Y#
#........†.# #
#.......)).# .#
..........<☼####..####
......p.p....@☼@.......
#######################


You could see Erica (very poisoned) and a human.

Vanquished Creatures
  A two-headed ogre (D:10)
  A troll (D:9)
  A hornet (D:9)
  A shadow (D:9)
  2 wraiths (D:8)
  8 yaks
  A wyvern (D:7)
  Eustachio (D:4)
  A human (D:10)
  A steam dragon (D:7)
  A water moccasin (D:7)
  2 black bears
  An orc warrior (D:9)
  An ice beast (D:7)
  3 ogres
  2 centaurs
  A phantom (D:5)
  A bullfrog (D:8)
  A necrophage (D:6)
  4 scorpions
  3 wights (D:8)
  A howler monkey (D:7)
  3 jellies
  5 orc priests (D:8)
  4 hounds
  A gnoll bouda (D:9)
  An orc wizard (D:9)
  Ijyb (D:3)
  4 iguanas
  Natasha (twice) (D:3)
  8 gnolls
  15 adders
  A shadow imp (D:7)
  3 white imps
  An ufetubus (D:6)
  A worm (D:2)
  A dart slug (D:5)
  25 orcs
  8 ball pythons
  8 endoplasms
  2 giant cockroaches
  3 hobgoblins
  5 quokkas
  3 bats
  5 frilled lizards
  5 goblins
  8 kobolds
  7 rats
169 creatures vanquished.

Vanquished Creatures (collateral kills)
  Natasha (D:3)
1 creature vanquished.

Vanquished Creatures (others)
  An orc wizard (D:3)
1 creature vanquished.

Grand Total: 171 creatures vanquished

Notes
Turn   | Place    | Note
-------+----------+-------------------------------------------
     0 | D:1      | pokeman the Deep Elf Hedge Wizard began the quest for the
                  | Orb.
     0 | D:1      | Reached XP level 1. HP: 10/10 MP: 7/7
   500 | D:1      | Reached XP level 2. HP: 15/15 MP: 1/9
  1359 | D:2      | Reached skill level 5 in Spellcasting
  1510 | D:2      | Found a faded altar of an unknown god.
  1708 | D:2      | Reached XP level 3. HP: 5/20 MP: 0/11
  1712 | D:2      | Learned a level 3 spell: Mephitic Cloud
  1715 | D:2      | Learned a level 2 spell: Call Imp
  1718 | D:2      | Learned a level 2 spell: Blink
  2083 | D:2      | Reached skill level 1 in Fighting
  2083 | D:2      | Reached skill level 1 in Armour
  2547 | D:3      | Reached XP level 4. HP: 25/25 MP: 6/13
  3050 | D:3      | Noticed Natasha
  3068 | D:3      | Killed Natasha
  3069 | D:3      | Reached skill level 6 in Spellcasting
  3097 | D:3      | Noticed Natasha
  3111 | D:3      | Killed Natasha
  3112 | D:3      | Reached XP level 5. HP: 29/29 MP: 4/15
  3120 | D:3      | Noticed Ijyb
  3215 | D:3      | Killed Ijyb
  3394 | D:3      | Reached skill level 1 in Evocations
  3555 | D:3      | Noticed Natasha
  3568 | D:3      | Killed Natasha
  3569 | D:3      | Reached skill level 1 in Air Magic
  3569 | D:3      | Reached XP level 6. HP: 34/34 MP: 2/17
  4054 | D:4      | Reached skill level 7 in Spellcasting
  4054 | D:4      | Reached skill level 1 in Poison Magic
  4368 | D:4      | Noticed Eustachio
  4400 | D:4      | Killed Eustachio
  4401 | D:4      | Reached XP level 7. HP: 25/39 MP: 20/20
  4725 | D:4      | Reached skill level 8 in Spellcasting
  4966 | D:5      | Entered Level 5 of the Dungeon
  5409 | D:5      | Found a runed translucent door.
  5442 | D:5      | Reached skill level 9 in Spellcasting
  5442 | D:5      | Reached XP level 8. HP: 40/44 MP: 21/23
  5538 | D:5      | Noticed browni3141's ghost (novice KoBr)
  5773 | D:5      | Found a staircase to the Ecumenical Temple.
  5935 | Temple   | Entered the Ecumenical Temple
  5940 | Temple   | Became a worshipper of Vehumet
  6203 | D:6      | Reached skill level 1 in Shields
  6221 | D:6      | Reached skill level 5 in Conjurations
  6580 | D:6      | Reached skill level 10 in Spellcasting
  7151 | D:7      | Found an ancient bone altar of Kikubaaqudgha.
  7349 | D:7      | Reached XP level 9. HP: 48/48 MP: 21/25
  7480 | D:7      | Reached skill level 11 in Spellcasting
  7656 | D:8      | Reached skill level 5 in Summonings
  7658 | D:8      | Reached * piety under Vehumet
  7658 | D:8      | Offered knowledge of Sandblast by Vehumet.
  7818 | D:8      | Found a glowing golden altar of the Shining One.
  7820 | D:8      | Found an iron altar of Okawaru.
  7821 | D:8      | Found a sacrificial altar of Ru.
  7948 | D:8      | Noticed a cyan ugly thing
  8231 | D:8      | Reached skill level 12 in Spellcasting
  9063 | D:9      | Noticed a troll
  9086 | D:9      | Killed a troll
  9087 | D:9      | Reached XP level 10. HP: 34/53 MP: 23/28
  9554 | D:9      | Found a broken altar of Ashenzari.
  9802 | D:10     | Entered Level 10 of the Dungeon
  9802 | D:10     | Noticed a two-headed ogre
  9812 | D:9      | Reached skill level 13 in Spellcasting
  9871 | D:10     | Noticed Erica
  9907 | D:10     | Killed a two-headed ogre
  9911 | D:10     | HP: 1/53 [Erica/+4 scimitar of flaming (3)]
  9913 | D:10     | Killed from afar by Erica

Illustrated notes

Levels and vault maps discovered:
D:1:      zaba_arrival_water, layout_basic, st_stairs_4, nrook_mini_backslash,
          hangedman_abyss_or_decor_stabs, dk_noncrumbling_3
D:2:      layout_basic, hellmonk_ecumenical_altar_pennies_from_heaven,
          minivault_24, minmay_joined_circles
D:3:      layout_loops_corners, uniq_natasha, uniq_ijyb
D:4:      layout_basic, grunt_ministairs_3, chequers_serial_rivers_micro_d,
          uniq_eustachio
D:5:      layout_loops_ring, minmay_temple_entry_enclosed_plants,
          ebering_ghost_sewer_d
D:6:      layout_basic, minmay_diced_spiral
D:7:      layout_loops_ring, kiku_gazebo_garden_becter
D:8:      layout_loops_ring, chequers_temple_overflow_statue_of_worship
D:9:      layout_long_grid, general_overflow_altar
D:10:     layout_long_grid, dpeg_lair_monsters, erik_orc_1, minmay_ruffians,
          uniq_erica
Temple:   sentei_temple_godly_chess

Skill      XL: |  1  2  3  4  5  6  7  8  9 10 |
---------------+-------------------------------+-----
Spellcasting   | 5 6 7 9 10 12 13 | 13.5
Fighting       | 1 2 |  2.0
Armour         | 1 2 |  2.7
Conjurations   | 2 3 4 5 7 |  7.7
Stealth        | 3 |  3.1
Dodging        | 3 |  3.0
Evocations     | 1 |  1.2
Air Magic      | 1 |  1.1
Poison Magic   | 1 |  1.2
Summonings     | 2 3 4 6 |  6.9
Shields        | 2 3 4 |  4.0
Translocations | |  1.1

Action                   |  1- 3 |  4- 6 |  7- 9 | 10-12 || total
-------------------------+-------+-------+-------+-------++-------
Melee: Dagger            |    19 |       |       |       ||    19
       Mace              |       |    41 |       |       ||    41
       Hand axe          |       |    22 |    22 |       ||    44
       Punch             |       |     3 |       |       ||     3
       Halberd           |       |       |   108 |    27 ||   135
 Cast: Magic Dart        |   115 |    70 |   212 |    39 ||   436
       Mephitic Cloud    |     2 |    14 |    24 |    10 ||    50
       Call Imp          |     1 |     3 |     8 |       ||    12
       Blink             |       |       |     4 |     2 ||     6
Evoke: Wand              |       |       |     4 |       ||     4
 Stab: Confused          |     3 |     6 |     9 |     2 ||    20
       Sleeping          |       |       |     1 |       ||     1
       Invisible         |       |       |     4 |       ||     4
Armor: Robe              |    11 |    15 |    20 |       ||    46
       Steam dragon scal |       |       |    37 |     3 ||    40
Dodge: Dodged            |    24 |    38 |   167 |    20 ||   249

Table legend: (Time is in decaauts)
 A = Elapsed time spent in this place.
 B = Non-inter-level travel time spent in this place.
 C = Inter-level travel time spent in this place.
 D = Time resting spent in this place.
 E = Time spent auto-exploring this place.
 F = Levels seen in this place.
 G = Mean time per level.
                   A        B        C        D        E       F      G
               +--------+--------+--------+--------+--------+-----+--------+
         Total |  10039 |   9568 |    471 |    434 |   7382 |  11 |  912.6 |
       Dungeon |  10029 |   9561 |    468 |    434 |   7382 |  10 | 1002.9 |
        Temple |      9 |      6 |      3 |      0 |      0 |   1 |    9.0 |
               +--------+--------+--------+--------+--------+-----+--------+

Top non-repeatable levels by time:
     D:3: 1501 daAuts
     D:8: 1316 daAuts
     D:2: 1268 daAuts
     D:1: 1210 daAuts
     D:5: 1068 daAuts
     D:4: 1015 daAuts
     D:9: 969 daAuts
     D:6: 884 daAuts
     D:7: 733 daAuts
    D:10: 61 daAuts
  Temple: 9 daAuts
